[Event "Hungarian Championship Men 2022"]
[Site "Budapest"]
[Date "2022.12.09"]
[Round "5.1"]
[White "Papp, Gabor"]
[Black "Kozak, Adam"]
[Result "1/2-1/2"]
[ECO "A05"]
[WhiteElo "2564"]
[BlackElo "2538"]
[Annotator "TA"]
[PlyCount "97"]
[EventDate "2022.12.03"]
[EventType "tourn"]
[EventCountry "HUN"]
[SourceTitle "playchess.com"]
[Source "ChessBase"]
[SourceQuality "1"]
[TimeControl "40/5400+30:1800+30"]

1. Nf3 Nf6 2. g3 b6 3. Bg2 Bb7 4. O-O g6 5. b3 Bg7 6. Bb2 c5 7. c4 O-O 8. Nc3 d5 9. cxd5 {[%emt 0:01:45] A30: Symmetrical English: Double Fianchetto and Hedgehog.} Nxd5 10. Qc2 Nc6 11. Rac1 {[%emt 0:04:23] Black has an edge.} Rc8 (11... Ndb4 {feels hotter.} 12. Qb1 Nd4 13. Nxd4 Bxg2 14. Ne6 Qd6) 12. Qb1 {[%emt 0:11:05] [#]} Nxc3 $146 ({Predecessor:} 12... Nc7 13. Rfd1 e5 14. a3 Qe7 15. Ne1 Ne6 16. b4 cxb4 17. axb4 Ncd4 18. e3 Bxg2 19. Kxg2 {½-½ (45) Vokac,M (2410)-Brestian,E (2395) Trnava 1988}) 13. Bxc3 Qd6 14. Qb2 {[%emt 0:13:02] The position is equal.} Bxc3 (14... Bf6 {is interesting.} 15. Ne5 Rcd8 16. Nxc6 Bxc6 17. Bxf6 Bxg2 18. Bg7 Bxf1 19. Bxf8 Rxf8 20. Kxf1 e5) 15. dxc3 Rfd8 16. Qc2 Qf6 17. Rfd1 Na5 18. h4 Kg7 19. Rd2 Bxf3 20. Bxf3 Nc6 21. Rcd1 Rxd2 22. Rxd2 Rd8 23. Rxd8 Nxd8 $11 {[%emt 0:00:06][%mdl 4096] Endgame KQB-KQN} 24. Qe4 Qd6 25. Qa8 Qc7 26. Bd5 e6 27. Bf3 f5 28. Kg2 Nf7 29. b4 cxb4 30. cxb4 Ne5 31. Qe8 Nxf3 32. exf3 {[%emt 0:00:07] KQ-KQ} Qd6 33. b5 h6 34. a4 h5 35. Qc6 Qe7 36. Qc3+ Kf7 37. Qe5 Qf6 38. Qc7+ Qe7 39. Qe5 Qf6 40. Qb8 Qe7 41. Qc8 e5 42. Kg1 Qe6 43. Qh8 {[%emt 0:02:15] Strongly threatening Qh7+.} Qf6 44. Qa8 Qe7 45. Qb8 Kf6 46. Kf1 Qd7 47. Qh8+ Ke6 48. Kg2 Qe7 49. Qc8+ {[%emt 0:03:23] Weighted Error Value: White=0.04 (flawless) /Black=0.04 (flawless)} 1/2-1/2

[Event "Hungarian Championship Men 2022"]
[Site "Budapest"]
[Date "2022.12.09"]
[Round "5.2"]
[White "Korpa, Bence"]
[Black "Fodor, Tamas Jr."]
[Result "1/2-1/2"]
[ECO "C47"]
[WhiteElo "2500"]
[BlackElo "2517"]
[Annotator "TA"]
[PlyCount "58"]
[EventDate "2022.12.03"]
[EventType "tourn"]
[EventCountry "HUN"]
[SourceTitle "playchess.com"]
[Source "ChessBase"]
[SourceQuality "1"]
[TimeControl "40/5400+30:1800+30"]

1. e4 e5 2. Nf3 Nc6 3. Nc3 Nf6 4. d4 exd4 5. Nxd4 Bb4 6. Nxc6 bxc6 7. Bd3 O-O 8. O-O d5 9. exd5 cxd5 10. Bg5 c6 11. Qf3 Be7 {[%emt 0:05:19] 11...h6 is a critical line.} 12. Rfe1 h6 {[%emt 0:02:15] C47: Scotch Four Knights and Four Knights with 4 g3.} 13. Bf4 Re8 14. h3 Qb6 15. Na4 Qa5 16. b3 Be6 {[%emt 0:14:20] [#]} 17. Re2 $146 ({Predecessor:} 17. Rad1 Bf8 18. Re2 Ne4 19. Bxe4 dxe4 20. Qg3 Qh5 21. Rde1 Bd7 22. Rxe4 Rxe4 23. Rxe4 {1-0 (35) Khrinovskyi,O-Piliposyan,M (1935) Kramatorsk 2009}) 17... c5 18. Bd2 {[%emt 0:16:14] Against c4} Qc7 19. Bf5 {[%emt 0:00:30] The position is equal.} Bxf5 20. Qxf5 Qc6 21. Rae1 Bf8 22. Rxe8 Rxe8 23. Rxe8 Qxe8 24. Qd3 {[%emt 0:09:53] Inhibits Qe2.} Qe5 25. Nc3 h5 26. Qe2 Qf5 {[%emt 0:00:22] [#] aiming for ...d4.} 27. Qd3 Qe5 28. Qe2 Qf5 {[%emt 0:09:24] ...d4 is the strong threat.} 29. Qd3 Qe5 {[%emt 0:00:04] An interesting draw.   Weighted Error Value: White=0.04 (flawless) /Black=0.01 (flawless)} 1/2-1/2

[Event "Hungarian Championship Men 2022"]
[Site "Budapest"]
[Date "2022.12.09"]
[Round "5.3"]
[White "Grigoriants, Sergey"]
[Black "Berkes, Ferenc"]
[Result "1/2-1/2"]
[ECO "D15"]
[WhiteElo "2550"]
[BlackElo "2643"]
[Annotator "TA"]
[PlyCount "51"]
[EventDate "2022.12.03"]
[EventType "tourn"]
[EventCountry "HUN"]
[SourceTitle "playchess.com"]
[Source "ChessBase"]
[SourceQuality "1"]
[TimeControl "40/5400+30:1800+30"]

1. d4 d5 2. c4 c6 3. Nf3 Nf6 4. Nc3 a6 5. e3 Bf5 6. Ne5 {[%emt 0:04:16] D15: Slav Defence: 4 Nc3 a6 and gambit lines after 4 Nc3 dxc4.} Nbd7 7. Qb3 Qc7 8. cxd5 Nxe5 9. dxe5 Nxd5 10. Nxd5 (10. Bc4 {seems wilder.} e6 11. e4 Nxc3 12. exf5 Nd5 13. Bxd5 Qxe5+ 14. Be3) 10... cxd5 11. Bd2 Qxe5 12. Rc1 Bd7 13. Bc3 {[%emt 0:03:25] Prevents e6.} Qc7 14. Qxd5 Bc6 15. Qg5 Qd6 ({Better is} 15... h6 $11 16. Qg4 h5) 16. Bc4 {[%emt 0:05:10] White is more active.} (16. Bxg7 $2 {perishes.} Rg8 17. Qe5 (17. Rxc6 $2 Qxc6 18. Qg4 Rxg7 $19) 17... Bxg7 $19) ({White should play} 16. f3 $14) 16... Qg6 $11 17. Qxg6 hxg6 18. f3 e6 {[%emt 0:01:53] The position is equal.} 19. Kf2 Rc8 20. h3 Rh5 21. Bb3 {[%emt 0:01:26] [#]} Be7 $146 ({Predecessor:} 21... Rc5 22. Bd4 Rxc1 23. Rxc1 Bd7 24. Rxc8+ Bxc8 25. Bc2 g5 26. f4 gxf4 27. exf4 f5 {½-½ (45) Giri,A (2777)-Andreikin,D (2728) Yasnaya Polyana 2021}) 22. Rhd1 ({But not} 22. Bxg7 f6 23. Bxe6 Rd8 $17) 22... Bh4+ 23. Kg1 Bf6 24. Kf2 Bh4+ 25. Kg1 Bf6 26. Kf2 {[%emt 0:00:20] An interesting draw.   Weighted Error Value: White=0.08 (flawless) /Black=0.05 (flawless)} 1/2-1/2

[Event "Hungarian Championship Men 2022"]
[Site "Budapest"]
[Date "2022.12.09"]
[Round "5.4"]
[White "Prohaszka, Peter"]
[Black "Nagy, Gabor"]
[Result "1/2-1/2"]
[ECO "D35"]
[WhiteElo "2562"]
[BlackElo "2482"]
[Annotator "TA"]
[PlyCount "61"]
[EventDate "2022.12.03"]
[EventType "tourn"]
[EventCountry "HUN"]
[SourceTitle "playchess.com"]
[Source "ChessBase"]
[SourceQuality "1"]
[TimeControl "40/5400+30:1800+30"]

1. d4 d5 2. c4 e6 3. Nc3 Nf6 4. cxd5 exd5 5. Bg5 c6 6. e3 h6 7. Bh4 Be7 8. Bd3 O-O 9. Nge2 {[%emt 0:06:07] D35: Queen's Gambit Declined: Exchange Variation.} Ne4 10. Bxe7 Qxe7 11. Qc2 Bf5 12. O-O Nxc3 13. bxc3 Bxd3 14. Qxd3 Nd7 15. Ng3 {[%emt 0:02:12] [#]} Qe6 $146 ({Predecessor:} 15... b5 16. f3 Qa3 17. e4 b4 18. Rac1 Rfb8 19. Nf5 Kf8 20. e5 a5 21. Nd6 bxc3 22. Qf5 {1-0 (22) Gorovets,A (2493)-Tronenkovs,V (2265) Chess.com INT 2021}) 16. a4 Rfc8 17. Rfe1 c5 18. e4 {[%emt 0:03:10] aiming for exd5.} cxd4 19. cxd4 {[%emt 0:13:13] White wants to play exd5.} (19. exd5 {with more complications.} Qxd5 20. Nf5 Kh8 21. cxd4 Re8 22. Ne3) 19... dxe4 20. Rxe4 Qd5 {[%emt 0:00:45] Strongly threatening ...Nc5.} 21. Rae1 Rd8 {[%emt 0:03:52] [#]} (21... a6 $11 {keeps the balance.} 22. Re7 Nc5) 22. Re7 ({Better is} 22. R4e3 $1 $16) 22... Nc5 $1 $11 {[%emt 0:02:32] The position is equal.} 23. Qf5 (23. dxc5 $2 {too greedy.} Qxd3 24. Rxb7 Qc3 $19) 23... Qxf5 24. Nxf5 Ne6 25. Rxb7 Nxd4 26. Nxd4 Rxd4 {[%emt 0:00:02] KRR-KRR} 27. a5 Ra4 28. g3 Rxa5 29. Ree7 Rf5 30. Rxa7 Rxa7 31. Rxa7 {[%emt 0:00:04] Weighted Error Value: White=0.07 (flawless) /Black=0.07 (flawless)} 1/2-1/2

[Event "Hungarian Championship Men 2022"]
[Site "Budapest"]
[Date "2022.12.09"]
[Round "5.5"]
[White "Horvath, Csaba"]
[Black "Horvath, Adam"]
[Result "1/2-1/2"]
[ECO "A46"]
[WhiteElo "2502"]
[BlackElo "2501"]
[Annotator "TA"]
[PlyCount "120"]
[EventDate "2022.12.03"]
[EventType "tourn"]
[EventCountry "HUN"]
[SourceTitle "playchess.com"]
[Source "ChessBase"]
[SourceQuality "1"]
[TimeControl "40/5400+30:1800+30"]

1. d4 Nf6 2. Nf3 e6 3. e3 b6 4. Bd3 Bb7 5. O-O d5 6. b3 Bd6 7. c4 O-O {[%emt 0:00:12] E14: Queen's Indian: Classical Variation (4 e3).} 8. cxd5 {[%emt 0:02:39] is now debated instead of 8.Bb2.} exd5 9. Ba3 Bxa3 {[%emt 0:08:08] The position is equal.} 10. Nxa3 Qe7 11. Nb5 c5 (11... c6 $5 12. Nc3 $8 Nbd7 $11) 12. Rc1 Nc6 13. Re1 {[%emt 0:06:24] [#]} Rfd8 $146 ({Predecessor:} 13... Rac8 14. Bf5 Rcd8 15. dxc5 bxc5 16. Nc3 g6 17. Bb1 Nb8 18. Qc2 Na6 19. Qb2 Rd6 {1-0 (41) Kovalenko,I (2626)-Meskovs,N (2510) Tallinn 2018}) 14. dxc5 bxc5 15. Nc3 Ne4 16. Bf1 g6 17. Nd2 (17. Nxd5 Qe6 18. Bc4 Ne5 19. Nxe5 Qxe5 $17) 17... Ne5 18. Ncxe4 dxe4 19. Qc2 Qg5 {[%emt 0:08:33][%cal Od8d2] ...Rxd2! is the strong threat.} 20. Red1 Rd3 21. Nc4 $1 $16 {[%emt 0:05:53] aiming for f4. White stays focused until the end.} Nf3+ 22. Kh1 Nh4 (22... Ne5 $16) 23. Nd6 $18 (23. Bxd3 $2 Qxg2#) (23. f4 $2 exf3 $1 24. Rxd3 (24. Bxd3 $2 fxg2+ 25. Kg1 Nf3+ 26. Kf2 Qh4+ 27. Ke2 Qxh2 $19) 24... fxg2+ 25. Bxg2 Bxg2+ 26. Kg1 Be4+ 27. Kf1 Re8 $19) 23... Bc6 24. Qc4 (24. Bxd3 $2 Qxg2#) 24... Bd5 25. Qxc5 Rd8 $2 (25... h6 {keeps fighting.} 26. Nb5 (26. Bxd3 $2 Qxg2#) 26... Rd8) 26. Nxe4 (26. Bxd3 $2 Qxg2#) 26... Rxd1 27. Rxd1 {[%emt 0:03:25][%mdl 64] Really sharp!} Bxe4 28. Qxg5 Rxd1 29. Kg1 Bxg2 30. Qxh4 Bxf1 {[%emt 0:00:02][%cal Rf1h3][%mdl 4096] Endgame KQ-KRB} 31. h3 Bxh3+ 32. Kh2 Be6 33. Qe7 a5 34. Qa7 Rd5 35. e4 Rh5+ 36. Kg3 Rg5+ 37. Kf4 Rg4+ 38. Ke5 h5 39. f4 (39. Qxa5 $2 Rg5+ 40. Kf4 Rxa5 $19) 39... h4 40. Qe3 {[%emt 0:00:00] Against h3} (40. Qxa5 h3 41. Qd2 Rg2 42. Qd8+ Kg7 43. Qf6+ Kg8 $18) 40... h3 {[%emt 0:00:00] Hoping for ...h2.} 41. f5 (41. Qxh3 Rxf4 42. Qh2 g5 $18) 41... h2 {[%emt 0:05:26] [#]} 42. Qh6 $1 {[%emt 0:05:37] Inhibits f6+. Intending f6 and mate.} (42. fxe6 $2 {is the wrong capture.} h1=Q 43. exf7+ Kxf7 44. Qa7+ Kg8 45. Qb8+ Kh7 46. Qa7+ Kg8 47. Qb8+ Kg7 48. Qa7+ Kh6 $19) 42... gxf5 43. exf5 Rg1 44. Qxh2 (44. fxe6 $2 h1=Q 45. exf7+ Kxf7 46. Qe6+ Kg7 47. Qf6+ Kh7 $19) 44... Rg5 45. Kd6 Rxf5 46. Qg3+ Kf8 47. Kc6 Bd5+ 48. Kb6 Be6 49. Qc3 Kg8 50. a4 Rh5 51. b4 Rh3 {[%emt 0:01:15] Against b5} 52. Qb2 axb4 53. a5 $1 (53. Qxb4 Rb3 $19) 53... b3 54. a6 Bd5 {[%emt 0:01:28] Against Qg2+} 55. a7 Rh6+ 56. Kc5 Ra6 57. Kxd5 Rxa7 58. Qxb3 {[%emt 0:01:13] Threatening mate with Qb8+.} Ra6 {[%emt 0:00:10] White has a decisive advantage.} 59. Ke5 ({Weaker is} 59. Qb8+ Kg7 $11) 59... Re6+ 60. Kf5 Rg6 {[%emt 0:00:13][%mdl 32768] Weighted Error Value: White=0.13 (very precise) /Black=0.22 (precise) . An unexpected result.} 1/2-1/2

[Event "Hungarian Championship Men 2022"]
[Site "Budapest"]
[Date "2022.12.10"]
[Round "6.1"]
[White "Kozak, Adam"]
[Black "Horvath, Adam"]
[Result "1-0"]
[ECO "B48"]
[WhiteElo "2538"]
[BlackElo "2501"]
[Annotator "TA"]
[PlyCount "83"]
[EventDate "2022.12.03"]
[EventType "tourn"]
[EventCountry "HUN"]
[SourceTitle "playchess.com"]
[Source "ChessBase"]
[SourceQuality "1"]
[TimeControl "40/5400+30:1800+30"]

1. e4 c5 2. Nf3 e6 3. d4 cxd4 4. Nxd4 Nc6 5. Nc3 Qc7 6. Be3 a6 7. a3 {[%emt 0:00:21] 7.g4 is setting a new trend.} b5 8. Nxc6 dxc6 {[%emt 0:00:05] B48: Sicilian: Taimanov: 5 Nc3 Qc7 6 Be3 a6 without Be2.} 9. Qg4 e5 10. Qg3 h5 {[%emt 0:00:05] White has an edge.} 11. Bd4 f6 12. Be3 Kf7 13. h3 Be6 14. Be2 $36 {[%emt 0:00:05][%mdl 2048] White has the initiative.} Bd6 {[%emt 0:04:48] Inhibits f4.} 15. a4 h4 16. Qf3 Ne7 17. O-O {[%emt 0:00:07] [#]} b4 $146 (17... Ng6 $11) ({Predecessor:} 17... Ng6 18. Rfd1 Qe7 19. Na2 Nf4 20. Bxf4 exf4 21. Nc1 g6 22. axb5 cxb5 23. Bxb5 axb5 24. Rxa8 Rxa8 {½-½ (50) Pavlov,V (2425)-Quinones Borda,J (2421) ICCF email 2019}) 18. Nb1 $1 $16 c5 19. Nd2 c4 (19... Nc6 $16) 20. b3 $1 $18 c3 21. Nc4 Bc5 {[%emt 0:07:14] [#]} (21... Nc6 $142 22. Rad1 Nd4 23. Nxe5+ (23. Bxd4 exd4 24. Rxd4 Bc5 $16) 23... Bxe5 24. Bxd4 a5 25. Bxe5 Qxe5) 22. Nxe5+ $1 Qxe5 {[%emt 0:00:19] [#]} 23. Bf4 $1 Qd4 (23... Bxf2+ $142 24. Qxf2 Qa5) 24. Rad1 Nc6 {[%emt 0:00:22][%cal Oc6e5] aiming for ...Ne5!} 25. e5 (25. Rxd4 Nxd4 26. Qd3 Rhd8 $18) 25... Rad8 26. Qxc6 (26. Rxd4 $18 {and the rest is easy.} Nxd4 27. Qb7+ Rd7 28. Qxa6) 26... Qxf4 $16 27. Qxc5 {[%emt 0:01:14] Really sharp!} Qxe5 {[%emt 0:00:28] [#]} 28. Qa7+ (28. Qxb4 $2 Qxe2 29. Rde1 Qd2 30. Qb7+ Rd7 31. Qxa6 Rd6 32. Qb7+ Kg6 $19) (28. Bh5+ Rxh5 29. Qxe5 (29. Qxb4 $2 Rxd1 30. Rxd1 Rg5 $19) 29... Rxe5 $17) 28... Kg6 29. Bd3+ (29. Bxa6 $6 Bf5 $11) 29... Bf5 {[%emt 0:04:23] And now ...Bxd3 would win.} 30. Qxa6 (30. Bxa6 Bxc2 31. Rde1 Qd4 $17) 30... Rhe8 31. Qc4 {[%emt 0:01:11][%csl LRb4,LRh4] Strongly threatening Qg4+.} Rxd3 (31... Bxd3 {was called for.} 32. Rxd3 Rxd3 33. Qxd3+ Qf5) 32. Rxd3 Qe2 {[%emt 0:00:34] Inhibits Re3.} (32... Bxd3 33. Qxd3+ Qf5 34. Qxf5+ Kxf5) 33. Rd4 $18 Qxc2 34. Qxb4 ({Don't play} 34. Rxh4 Qd3 35. Rg4+ (35. Qxb4 c2 $11) 35... Kh6 36. Rh4+ Kg6 37. Rg4+ (37. Qxb4 c2 $11) 37... Kh7 38. Qxd3 Bxd3 $18) 34... Qb2 35. Rxh4 c2 36. Qd2 {[%emt 0:00:43] Against c1R. Black must now prevent b4.} Qxb3 37. Rd4 {[%emt 0:08:20] Against Qd3} Kh7 38. Rc1 Qb2 39. Rh4+ Kg6 40. Rc4 Re2 $2 (40... Kh7 41. a5 Re5) 41. Qxe2 Qxc1+ 42. Kh2 {[%emt 0:00:09] Weighted Error Value: White=0.20 (precise) /Black=0.45} 1-0

[Event "Hungarian Championship Men 2022"]
[Site "Budapest"]
[Date "2022.12.10"]
[Round "6.2"]
[White "Nagy, Gabor"]
[Black "Horvath, Csaba"]
[Result "1/2-1/2"]
[ECO "E15"]
[WhiteElo "2482"]
[BlackElo "2502"]
[Annotator "TA"]
[PlyCount "60"]
[EventDate "2022.12.03"]
[EventType "tourn"]
[EventCountry "HUN"]
[SourceTitle "playchess.com"]
[Source "ChessBase"]
[SourceQuality "1"]
[TimeControl "40/5400+30:1800+30"]

1. d4 Nf6 2. c4 e6 3. Nf3 b6 4. g3 c6 5. Bg2 Be7 6. Nc3 d5 7. Ne5 Bb7 8. O-O Nfd7 9. Bf4 O-O 10. cxd5 {[%emt 0:01:02] E16: Queen's Indian: 4 g3 Bb7 5 Bg2 Bb4+.} cxd5 11. e4 Nxe5 12. Bxe5 dxe4 13. Nxe4 {[%emt 0:10:48] [#] aiming for Qg4.} Bd5 14. Qg4 g6 {[%emt 0:06:00] Threatens to win with ...f5.} (14... f6 {simplifies} 15. Bxb8 Rxb8 16. Nc3 Bc4) 15. Qf4 f6 {[%emt 0:02:04] [#]} 16. Bxb8 $146 ({Predecessor:} 16. Bc7 Qd7 17. Bxb8 Raxb8 18. Nc3 Bxg2 19. Kxg2 b5 20. Qe3 f5 21. d5 {0-1 (48) Kovacevic,B (2295)-Djuric,S (2460) Formia 1995}) 16... Qxb8 17. Qe3 Qb7 {[%emt 0:00:36] [#] ...f5 is the strong threat.} 18. f3 ({Better is} 18. Bf3 $11) 18... e5 (18... f5 $15 19. Nc3 Rad8) 19. dxe5 $11 {[%emt 0:01:52] The position is equal.} Bxe4 20. Qxe4 Qxe4 21. fxe4 Bc5+ 22. Kh1 fxe5 23. b3 Rxf1+ 24. Bxf1 {[%emt 0:00:10][%mdl 4096] Endgame KRB-KRB} Rf8 25. Bc4+ Kg7 26. Rf1 Rxf1+ 27. Bxf1 Kf6 28. Kg2 Bd4 29. Bc4 Bc5 30. Kf3 Bd4 {[%emt 0:00:13] A balanced but interesting game.   Weighted Error Value: White=0.10 (very precise) /Black=0.07 (flawless)} 1/2-1/2

[Event "Hungarian Championship Men 2022"]
[Site "Budapest"]
[Date "2022.12.10"]
[Round "6.3"]
[White "Berkes, Ferenc"]
[Black "Prohaszka, Peter"]
[Result "1/2-1/2"]
[ECO "D02"]
[WhiteElo "2643"]
[BlackElo "2562"]
[Annotator "TA"]
[PlyCount "81"]
[EventDate "2022.12.03"]
[EventType "tourn"]
[EventCountry "HUN"]
[SourceTitle "playchess.com"]
[Source "ChessBase"]
[SourceQuality "1"]
[TimeControl "40/5400+30:1800+30"]

1. d4 d5 2. Nf3 Nf6 3. c4 c6 4. Qc2 g6 5. cxd5 cxd5 6. Bf4 {[%emt 0:00:10] D11: Slav Defence: 3 Nf3 sidelines and 3...Nf6 4 e3 Bg4.} Nc6 7. Nc3 Bg7 8. e3 O-O 9. Be2 Ne4 10. O-O ({Of course not} 10. Nxe4 dxe4 11. Nd2 (11. Qxe4 $2 {loses.} Bf5 $19) 11... Bf5 $11) 10... Bf5 11. Qb3 Nxc3 12. bxc3 Na5 13. Qb4 Rc8 14. Nd2 e5 {[%emt 0:19:22] [#]} 15. dxe5 $146 ({Predecessor:} 15. Bg3 Re8 16. dxe5 Qc7 17. Nb3 Nc6 18. Qc5 Nxe5 19. Qxa7 Qxc3 20. Qxb7 Qb2 21. Rfe1 {½-½ (50) Wojtyra,S (2338)-Scalvenzo,I (2392) ICCF email 2011}) 15... Qc7 {[%emt 0:02:11][%csl LRc3,LRe5] The position is equal.} 16. Rac1 Nc6 {[%emt 0:00:42] Against e6} 17. Qa3 Bxe5 18. Bxe5 Nxe5 19. c4 dxc4 20. Nxc4 Nxc4 21. Bxc4 {[%emt 0:03:12][%cal Oc4e6] [#] Hoping for Be6!} Qb6 {[%emt 0:04:39] Prevents Be6.} 22. h4 a6 23. h5 gxh5 24. Bd5 Rxc1 25. Rxc1 Rc8 26. e4 Rxc1+ 27. Qxc1 $11 {[%emt 0:00:06][%mdl 4096] Endgame KQB-KQB} Be6 28. Qf4 Kf8 29. a4 Bxd5 30. exd5 {[%emt 0:00:06] [#] Strongly threatening d6. KQ-KQ} Ke7 {[%emt 0:00:34] Against d6+} 31. Qe5+ Kd7 32. Qxh5 Qb1+ 33. Kh2 Qg6 34. Qh3+ Kd6 35. Qa3+ Kxd5 36. Qf3+ Kd4 37. Qxb7 Qh5+ 38. Kg1 Qd1+ 39. Kh2 {[%emt 0:00:05] aiming for Qd7+.} Qh5+ 40. Kg1 Qd1+ 41. Kh2 {[%emt 0:00:11] An interesting draw.   Weighted Error Value: White=0.04 (flawless) /Black=0.01 (flawless)} 1/2-1/2

[Event "Hungarian Championship Men 2022"]
[Site "Budapest"]
[Date "2022.12.10"]
[Round "6.4"]
[White "Fodor, Tamas Jr."]
[Black "Grigoriants, Sergey"]
[Result "1/2-1/2"]
[ECO "D45"]
[WhiteElo "2517"]
[BlackElo "2550"]
[Annotator "TA"]
[PlyCount "78"]
[EventDate "2022.12.03"]
[EventType "tourn"]
[EventCountry "HUN"]
[SourceTitle "playchess.com"]
[Source "ChessBase"]
[SourceQuality "1"]
[TimeControl "40/5400+30:1800+30"]

1. d4 Nf6 2. c4 e6 3. Nf3 d5 4. Nc3 c6 5. e3 Nbd7 6. Be2 Bd6 7. b3 O-O 8. O-O dxc4 9. bxc4 e5 10. Qb3 {[%emt 0:06:39] [#] D45: Semi-Slav: 5 e3.} h6 $146 ({Predecessor:} 10... Qe7 11. a4 Re8 12. Re1 e4 13. Nd2 c5 14. Nf1 a6 15. a5 Rb8 16. Na4 Qd8 17. Bd2 cxd4 18. exd4 {1-0 (36) Portisch,L (2610)-Nogueiras Santiago,J (2575) Rotterdam 1989}) 11. Ba3 Bxa3 12. Qxa3 Re8 13. Rfd1 {[%emt 0:03:38] Strongly threatening Nxe5.} Qc7 14. Rab1 b6 15. c5 {[%emt 0:10:21] Threatening Nxe5.} bxc5 (15... exd4 $11 {deserves consideration.} 16. exd4 Rb8) 16. dxe5 $14 Ng4 17. Ne4 {[%emt 0:00:30] Hoping for Nd6.} Ngxe5 18. Nd6 Nxf3+ 19. Bxf3 Re6 20. Nc4 {[%emt 0:10:50] White has more active pieces.} (20. Nb5 $14 cxb5 21. Bxa8) 20... Ne5 $11 21. Nxe5 ({Don't play} 21. Qxc5 Nxf3+ 22. gxf3 Rg6+ 23. Kh1 Rg5 $15) 21... Rxe5 22. Rbc1 Be6 23. Rxc5 Rxc5 24. Qxc5 Bxa2 25. Ra1 Rb8 26. Qc2 Bb3 27. Qxc6 Qxc6 28. Bxc6 {[%emt 0:00:07][%cal Oh2h3][%mdl 4096] Endgame KRB-KRB} Bc2 {[%emt 0:05:59] Against h3} 29. f4 Rb1+ 30. Rxb1 Bxb1 {[%emt 0:00:03] KB-KB} 31. Kf2 f5 32. h3 Kf7 33. g4 {[%emt 0:00:07] [#]} (33. Ke2 $11) 33... a5 (33... fxg4 $1 $17 34. hxg4 a5) 34. Ke2 {[%emt 0:01:35] [#]} (34. gxf5 $1 $11 {was the only way to keep the balance.} Ke7 35. Ke2 (35. e4 $2 Kd6 $19)) 34... g5 ({Black should play} 34... fxg4 $1 $17 35. hxg4 Ba2) 35. Kd2 $1 {[%emt 0:01:56] The position is equal.} Ke7 36. Kc3 Kd6 37. Bb7 Kc5 38. Bc8 fxg4 39. hxg4 gxf4 {[%emt 0:01:42] Weighted Error Value: White=0.24 (precise) /Black=0.19 (very precise)} 1/2-1/2